 Dungeon Crawl Stone Soup version 0.23.0 (webtiles) character file.

Game seed: 9100539048307464974

1100 rgaf the Cutter (level 8, -1/39 HPs)
             Began as a Vine Stalker Fighter on Feb 13, 2019.
             Was a Follower of Uskayaw.
             Succumbed to a water moccasin's poison
             ... on level 5 of the Dungeon.
             The game lasted 00:04:43 (4933 turns).

rgaf the Cutter (Vine Stalker Fighter)              Turns: 4933, Time: 00:04:44

Health: -1/39      AC:  7    Str: 21    XL:     8   Next: 32%
Magic:  3/9        EV: 12    Int:  8    God:    Uskayaw [*.....]
Gold:   165        SH: 10    Dex: 19    Spells: 7/7 levels left

rFire    . . .     SeeInvis .   j - +0 short sword (venom)
rCold    . . .     Gourm    .   c - +0 shield
rNeg     . . .     Faith    .   b - +0 scale mail
rPois    .         Spirit   +   (no helmet)
rElec    .         Reflect  .   (no cloak)
rCorr    .         Harm     .   (no gloves)
MR       +....                  (no boots)
Stlth    +++.......             (no amulet)
HPRegen  0.53/turn              (no ring)
MPRegen  0.11/turn              (no ring)

@: agile, lethally poisoned (-1 -> -14), flying
A: fangs 3, regeneration 1, magic shield, antimagic bite, no potion heal 3, rot
immunity
a: Stomp, Renounce Religion


You were on level 5 of the Dungeon.
You worshipped Uskayaw.
Uskayaw was noncommittal.
You were not hungry.

You visited 1 branch of the dungeon, and saw 6 of its levels.

You collected 230 gold pieces.
You spent 65 gold pieces at shops.

Inventory:

Hand Weapons
 a - a +0 rapier
 j - a +0 short sword of venom (weapon)
Armour
 b - a +0 scale mail (worn)
 c - a +0 shield (worn)
Jewellery
 i - a cursed -4 ring of evasion {unknown}
 t - an uncursed ring of stealth {unknown}
Wands
 C - a wand of enslavement (6)
 D - a wand of digging (5)
Scrolls
 k - 6 scrolls of amnesia {unknown}
 l - 3 scrolls of remove curse {unknown}
 m - 3 scrolls of enchant armour {unknown}
 n - 5 scrolls of teleportation {unknown}
 o - a scroll of fear {unknown}
 p - 3 scrolls of magic mapping {unknown}
 s - 2 scrolls of identify {unknown}
 v - a scroll of noise {unknown}
 w - a scroll of enchant weapon {unknown}
 y - 2 scrolls of blinking {unknown}
 B - a scroll of immolation {unknown}
Potions
 d - a potion of might
 e - a potion of agility
 g - a potion of flight
 h - a potion of haste {unknown}
 q - a potion of mutation {unknown}
 r - a potion of heal wounds {unknown}
 u - a potion of curing {unknown}
 x - a potion of brilliance {unknown}
 z - a potion of invisibility {unknown}
 A - a potion of berserk rage
 E - a potion of resistance {unknown}
Comestibles
 f - 12 rations
 F - a chunk of flesh


   Skills:
 - Level 2.6 Fighting
 * Level 6.4 Short Blades
 + Level 4.6 Armour
 + Level 6.0 Stealth
 - Level 2.6 Shields


You had 7 spell levels left.
You didn't know any spells.
Your spell library was empty.

Dungeon Overview and Level Annotations

Branches:
Dungeon (6/15)             Temple (0/1) D:5

Altars:
Elyvilon
Hepliaklqana
Nemelex Xobeh
Sif Muna
Uskayaw
Xom
Zin

Shops:
D:4 !

Annotations:
D:4 3 runed translucent doors, apoch's ghost, novice MiAK


Innate Abilities, Weirdness & Mutations

You have razor-sharp teeth.
Your natural rate of healing is unusually fast.
When hurt, damage is shared between your health and your magic reserves.
Your bite disrupts and absorbs the magic of your enemies.
Potions cannot restore your health.
You are immune to rotting.


Message History

* * * LOW HITPOINT WARNING * * *
You feel sick.
* * * LOW HITPOINT WARNING * * *
You feel sick. The water moccasin closely misses you.
You block the howler monkey's attack.
You feel sick.
The howler monkey hoots and howls with incredible vigour!
* * * LOW HITPOINT WARNING * * *
You feel sick. The water moccasin bites you!
* * * LOW HITPOINT WARNING * * *
You are more poisoned.
The water moccasin poisons you!
It was a potion of agility.
You feel agile all of a sudden.
* * * LOW HITPOINT WARNING * * *
You feel sick. You block the water moccasin's attack.
It was a potion of flight.
You feel very buoyant.
You fly up into the air.
You die...

....# #.......# #...#.#.#.
....# ######.......#
#.......#. ....#
#............# #....⌠8.#.
...## #...>........#
#.......#. ...#
#............# #..>.⌠8.##
####
#............####.........
######...............⌠8.##
#..Sh...#####......#.
####@#.........#.#.#.
##....######.#...#. #.....#
#.....#.#.
#.....####.#.#.#.##
#............#.#.#[
#............#.#.#.
#..........<.#.#.#.
##########...#........#.#.#.
#.......................#.#.


You could see a water moccasin and a howler monkey.

Vanquished Creatures
  Edmund (D:4)
  Purgy (D:4)
  An ice beast (D:5)
  2 ogres
  A centaur (D:6)
  3 crimson imps
  A bullfrog zombie (D:5)
  A hound (D:4)
  An iguana (D:4)
  5 worker ants
  A hound zombie (D:5)
  4 gnolls (D:2)
  5 adders
  A shadow imp (D:5)
  An ooze (D:1)
  An adder zombie (D:5)
  4 dart slugs
  5 worms
  4 leopard geckos
  2 orcs
  6 bats
  5 giant cockroaches
  6 goblins
  11 hobgoblins
  16 jackals
  A quokka (D:2)
  2 ball pythons
  10 frilled lizards
  10 kobolds
  11 rats
123 creatures vanquished.

Notes
Turn   | Place    | Note
-------+----------+-------------------------------------------
     0 | D:1      | rgaf the Vine Stalker Fighter began the quest for the Orb.
     0 | D:1      | Reached XP level 1. HP: 11/11 MP: 2/2
   549 | D:1      | Reached XP level 2. HP: 13/16 MP: 1/3
   710 | D:1      | Reached skill level 1 in Stealth
  1019 | D:1      | Reached XP level 3. HP: 19/19 MP: 4/4
  1487 | D:2      | Found a hide-covered altar of Uskayaw.
  1501 | D:2      | Became a worshipper of Uskayaw the Reveler
  1518 | D:2      | Reached * piety under Uskayaw
  1531 | D:2      | Found a shimmering altar of Xom.
  1553 | D:2      | Gained mutation: Your natural rate of healing is unusually
                  | fast. [Vine Stalker growth]
  1553 | D:2      | Reached XP level 4. HP: 4/23 MP: 2/5
  1557 | D:2      | Reached ** piety under Uskayaw
  1652 | D:2      | Found a faded altar of an unknown god.
  1689 | D:2      | Reached *** piety under Uskayaw
  1768 | D:2      | Reached XP level 5. HP: 27/27 MP: 6/6
  2455 | D:3      | Found a sparkling altar of Nemelex Xobeh.
  2738 | D:3      | You fall through a shaft for 2 floors!
  2738 | D:5      | Entered Level 5 of the Dungeon
  2802 | D:5      | Found a staircase to the Ecumenical Temple.
  2829 | D:5      | Reached XP level 6. HP: 27/32 MP: 7/7
  2919 | D:5      | Found a white marble altar of Elyvilon.
  2992 | D:4      | Reached XP level 7. HP: 22/35 MP: 4/8
  2995 | D:4      | Reached skill level 5 in Short Blades
  3619 | D:4      | Noticed Edmund
  3621 | D:4      | Noticed Purgy
  3639 | D:4      | Killed Edmund
  3639 | D:4      | Reached skill level 5 in Stealth
  3649 | D:4      | Killed Purgy
  3652 | D:4      | Reached **** piety under Uskayaw
  3791 | D:4      | Found Coicysur's Distillery.
  3795 | D:4      | Bought a potion of berserk rage for 65 gold pieces
  3848 | D:4      | Found a runed translucent gate.
  3848 | D:4      | Found a runed translucent gate.
  3849 | D:4      | Found a runed translucent gate.
  3850 | D:4      | Noticed apoch's ghost (novice MiAK)
  4348 | D:5      | Gained mutation: You have razor-sharp teeth. [Vine Stalker
                  | growth]
  4348 | D:5      | Reached XP level 8. HP: 39/39 MP: 9/9
  4514 | D:5      | Found a deep blue altar of Sif Muna.
  4619 | D:5      | Found a hazy altar of Hepliaklqana.
  4619 | D:5      | Found a glowing silver altar of Zin.
  4932 | D:5      | HP: 1/39 [poisoned by a water moccasin]
  4933 | D:5      | Succumbed to a water moccasin's poison

Skill      XL: |  1  2  3  4  5  6  7  8 |
---------------+-------------------------+-----
Short Blades   | 2 3 4 5 6 |  6.4
Stealth        | 1 2 3 4 5 6 |  6.0
Armour         | 3 4 |  4.6
Fighting       | |  2.6
Shields        | |  2.6

Action                   |  1- 3 |  4- 6 |  7- 9 || total
-------------------------+-------+-------+-------++-------
Melee: Rapier            |    64 |       |       ||    64
       Bite              |    30 |    58 |    45 ||   133
       Short sword       |    49 |   183 |   115 ||   347
  Use: Potion            |       |       |     2 ||     2
 Stab: Paralysed         |       |     3 |     3 ||     6
       Sleeping          |       |       |     1 ||     1
  Eat: Chunk             |     2 |     4 |     7 ||    13
Armor: Scale mail        |    48 |    48 |    44 ||   140
Dodge: Dodged            |    44 |    51 |    32 ||   127
Block: Shield            |    44 |    71 |    46 ||   161
